 Dungeon Crawl Stone Soup version 0.27-a0-1242-ge70438ac7b (webtiles) character file.

Game seed: 15750746134733009168

85 Kinoniko the Insei (level 4, -7/34 HPs)
             Began as a Gnoll Transmuter on June 9, 2021.
             Mangled by Terence
             ... wielding a +5 hand axe of electrocution
              (8 damage)
             ... on level 3 of the Dungeon.
             The game lasted 00:02:50 (2384 turns).

Kinoniko the Insei (Gnoll Transmuter)               Turns: 2384, Time: 00:02:51

Health: -7/34      AC:  3    Str: 10    XL:     4   Next: 48%
Magic:  7/11       EV: 12    Int: 13    God:
Gold:   70         SH:  0    Dex: 12    Spells: 10/13 levels left

rFire    . . .     SeeInvis .   b - +3 short sword
rCold    . . .     Faith    .   (no shield)
rNeg     . . .     Spirit   .   f - +0 leather armour
rPois    .         Reflect  .   (helmet currently unavailable)
rElec    .         Harm     .   (no cloak)
rCorr    .         Rampage  .   (no gloves)
Will     .....                  (boots currently unavailable)
Stlth    +.........             c - amulet of the acrobat
HPRegen  0.11/turn              (no ring)
MPRegen  0.12/turn              (no ring)

@: appendages, wereblooded, very slightly contaminated
A: horns 2, talons 2, fangs 1, strong nose, distributed training
a: End Transformation


You were on level 3 of the Dungeon.
You had temporarily grown beastly horns and talons.
You visited 1 branch of the dungeon, and saw 3 of its levels.

You collected 70 gold pieces.

Inventory:

Hand Weapons
 b - a +3 short sword (weapon)
Missiles
 i - 67 stones (quivered)
Armour
 a - a +0 robe
 f - a +0 leather armour (worn)
Jewellery
 c - an amulet of the acrobat (around neck)
Scrolls
 g - a scroll of fear {unknown}
 h - a scroll of magic mapping {unknown}
 j - 4 scrolls of identify {unknown}
 k - a scroll of brand weapon {unknown}
Potions
 d - a potion of flight {unknown}
 e - a potion of attraction {unknown}


   Skills:
 + Level 2.7 Fighting
 + Level 1.1 Short Blades
 + Level 1.1 Long Blades
 + Level 1.1 Axes
 + Level 1.1 Maces & Flails
 + Level 1.1 Polearms
 + Level 1.1 Staves
 + Level 1.1 Slings
 + Level 1.1 Bows
 + Level 1.1 Crossbows
 + Level 1.1 Throwing
 + Level 1.1 Armour
 + Level 4.6 Dodging
 + Level 1.1 Stealth
 + Level 1.1 Shields
 + Level 6.6 Unarmed Combat
 + Level 5.1 Spellcasting
 + Level 0.9 Conjurations
 + Level 0.9 Hexes
 + Level 0.9 Summonings
 + Level 0.9 Necromancy
 + Level 0.9 Translocations
 + Level 3.8 Transmutations
 + Level 0.9 Fire Magic
 + Level 0.9 Ice Magic
 + Level 0.9 Air Magic
 + Level 0.9 Earth Magic
 + Level 0.9 Poison Magic
 + Level 1.2 Invocations
 + Level 1.1 Evocations


You had 10 spell levels left.
You knew the following spells:

 Your Spells              Type           Power      Damage    Failure   Level
a - Beastly Appendage     Tmut           26%        N/A       5%          1
b - Wereblood             Tmut           13%        N/A       8%          2

Your spell library contained the following spells:

 Spells                   Type           Power      Damage    Failure   Level
 Spider Form              Tmut/Pois      4%         N/A       28%         3
 Ice Form                 Ice/Tmut       9%         N/A       67%         4


Dungeon Overview and Level Annotations

Branches:
Dungeon (2/15)

Altars:

Annotations:
D:3 Terence


Innate Abilities, Weirdness & Mutations

You have temporarily grown beastly horns and talons.
You have very sharp teeth.
Your uncanny sense of smell can sniff out nearby items.
Your experience applies equally to all skills.


Message History

Casting: Wereblood (safe; 8% risk of failure)
Confirm with . or Enter, or press ? or * to list all spells.
You miscast Wereblood.
You are very lightly contaminated with residual magic.
Nothing appears to happen.
Casting: Wereblood (safe; 8% risk of failure)
Confirm with . or Enter, or press ? or * to list all spells.
Your blood is infused with primal strength.
Casting: Wereblood (safe; 8% risk of failure)
Confirm with . or Enter, or press ? or * to list all spells.
You grow a pair of large bovine horns.
Your feet morph into talons.
Terence barely misses you.
Okay, then.
You hit Terence. You bite Terence, but do no damage.
Terence is lightly wounded.
Terence closely misses you.
Unknown command.
You puncture Terence!
Terence is heavily wounded.
Terence hits you with a +5 hand axe of electrocution!
Unknown command.
You hit Terence. Your bite misses Terence.
Terence is heavily wounded.
Terence hits you with a +5 hand axe of electrocution.
Unknown command.
You puncture Terence! You claw Terence, but do no damage.
Terence is almost dead.
Terence hits you with a +5 hand axe of electrocution.
You are electrocuted!
* * * LOW HITPOINT WARNING * * *
Unknown command.
Unknown command.
You are too injured to fight recklessly!
You are too injured to fight recklessly!
You are too injured to fight recklessly!
Unknown command.
You hit Terence.
Terence is almost dead.
Terence hits you with a +5 hand axe of electrocution!
You die...

### ##.## ##...##
#####.....#########
..................#
#...@@...######.#
#.............##.#
##...#.##.###.##.#
##.#####.##...#.##
#. #.##......# #
#.........# ##+#
#########.# #
##...## #.# ##
##.....## ### #.#
#.


You could see Terence.

Vanquished Creatures
  2 adders
  A worm (D:2)
  A dart slug (D:1)
  2 orcs (D:3)
  11 ball pythons
  6 endoplasms
  3 giant cockroaches
  3 goblins (D:1)
  7 hobgoblins
  6 jackals (D:1)
  2 kobolds
  5 bats
  2 frilled lizards
  3 rats
54 creatures vanquished.

Notes
Turn   | Place    | Note
-------+----------+-------------------------------------------
     0 | D:1      | Kinoniko the Gnoll Transmuter began the quest for the Orb.
     0 | D:1      | Reached XP level 1. HP: 17/17 MP: 6/6
    36 | D:1      | Reached XP level 2. HP: 2/23 MP: 7/7
   558 | D:1      | Reached XP level 3. HP: 7/28 MP: 9/9
   808 | D:1      | Reached skill level 5 in Spellcasting
  1043 | D:1      | Reached skill level 1 in Invocations
  1637 | D:2      | Reached skill level 1 in Short Blades
  1637 | D:2      | Reached skill level 1 in Long Blades
  1637 | D:2      | Reached skill level 1 in Axes
  1637 | D:2      | Reached skill level 1 in Maces & Flails
  1637 | D:2      | Reached skill level 1 in Polearms
  1637 | D:2      | Reached skill level 1 in Staves
  1637 | D:2      | Reached skill level 1 in Slings
  1637 | D:2      | Reached skill level 1 in Bows
  1637 | D:2      | Reached skill level 1 in Crossbows
  1637 | D:2      | Reached skill level 1 in Throwing
  1637 | D:2      | Reached skill level 1 in Armour
  1637 | D:2      | Reached skill level 1 in Stealth
  1637 | D:2      | Reached skill level 1 in Shields
  1637 | D:2      | Reached skill level 1 in Evocations
  1772 | D:2      | Reached XP level 4. HP: 25/34 MP: 9/11
  1854 | D:2      | Learned a level 2 spell: Wereblood
  1926 | D:2      | You fall into a shaft and drop 1 floor!
  2374 | D:3      | Noticed Terence
  2383 | D:3      | HP: 1/34 [Terence/+5 hand axe of electrocution (15)]
  2384 | D:3      | Mangled by Terence

Illustrated notes

Levels and vault maps discovered:
D:1:      lightli_arrival_quake, layout_basic, serial_bayou_ford_a,
          minmay_tetromino_l2
D:2:      layout_basic, chequers_ecumenical_altar_simple, minmay_quadrilaterals
D:3:      layout_loops_corners, minitemple, lemuel_round_altar,
          gammafunk_temple_overflow_wave, kennysheep_generic_room_11,
          uniq_terence, uniq_grinder

Skill      XL: |  1  2  3 |
---------------+----------+-----
Spellcasting   | 5 |  5.1
Invocations    | 1 |  1.2
Short Blades   | 1 |  1.1
Long Blades    | 1 |  1.1
Axes           | 1 |  1.1
Maces & Flails | 1 |  1.1
Polearms       | 1 |  1.1
Staves         | 1 |  1.1
Slings         | 1 |  1.1
Bows           | 1 |  1.1
Crossbows      | 1 |  1.1
Throwing       | 1 |  1.1
Armour         | 1 |  1.1
Stealth        | 1 |  1.1
Shields        | 1 |  1.1
Evocations     | 1 |  1.1
Fighting       | |  2.7
Dodging        | |  4.6
Unarmed Combat | |  6.6
Conjurations   | |  0.9
Hexes          | |  0.9
Summonings     | |  0.9
Necromancy     | |  0.9
Translocations | |  0.9
Transmutations | |  3.8
Fire Magic     | |  0.9
Ice Magic      | |  0.9
Air Magic      | |  0.9
Earth Magic    | |  0.9
Poison Magic   | |  0.9

Action                   |  1- 3 |  4- 6 || total
-------------------------+-------+-------++-------
Melee: Short sword       |   104 |    39 ||   143
       Bite              |     7 |     2 ||     9
       Kick              |     4 |     1 ||     5
       Punch             |     1 |       ||     1
Throw: Stone             |     4 |       ||     4
 Cast: Beastly Appendage |     4 |     1 ||     5
       Wereblood         |       |     2 ||     2
 Stab: Sleeping          |     1 |     1 ||     2
Armor: Robe              |     2 |       ||     2
       Leather armour    |    16 |     3 ||    19
Dodge: Dodged            |    89 |    28 ||   117

Table legend: (Time is in decaauts)
 A = Elapsed time spent in this place.
 B = Non-inter-level travel time spent in this place.
 C = Inter-level travel time spent in this place.
 D = Time resting spent in this place.
 E = Time spent auto-exploring this place.
 F = Levels seen in this place.
 G = Mean time per level.
                   A        B        C        D        E       F      G
               +--------+--------+--------+--------+--------+-----+--------+
         Total |   2400 |   2392 |      8 |    868 |   1152 |   3 |  800.0 |
       Dungeon |   2400 |   2392 |      8 |    868 |   1152 |   3 |  800.0 |
               +--------+--------+--------+--------+--------+-----+--------+

Top non-repeatable levels by time:
     D:1: 1501 daAuts
     D:3: 459 daAuts
     D:2: 440 daAuts
